 Dungeon Sprint DCSS version bcrawl-1.23 (webtiles) character file.

Game seed: 11403306690734864396

2021 Freyura the Bludgeoner (level 9, -6/110 HPs)
             Began as an Ogre Berserker on May 23, 2020.
             Was a High Priest of Trog.
             Mangled by a hippogriff (7 damage)
             ... in the Dungeon (Sprint IX: "|||||||||||||||||||||||||||||").
             The game lasted 00:05:10 (413 turns).

Freyura the Bludgeoner (Ogre Berserker)              Turns: 413, Time: 00:05:11

Health: -6/110     AC:  5    Str: 26    XL:     9   Next: 23%
Magic:  9/9        EV: 14    Int:  8    God:    Trog [*****.]
Gold:   0          SH:  0    Dex: 11    Spells: 8/8 levels left

rFire    . . .     SeeInvis .   n - +0 giant spiked club
rCold    . . .     Gourm    .   (shield currently unavailable)
rNeg     . . .     Faith    .   b - +0 animal skin
rPois    .         Spirit   .   (helmet restricted)
rElec    .         Reflect  .   (no cloak)
rCorr    .         Harm     .   (gloves unavailable)
MR       .....     NoTele   +   (boots unavailable)
Stlth    +.........             (no amulet)
HPRegen  0.28/turn              p - +3 ring of dexterity
MPRegen  0.11/turn              q - +2 ring of protection

@: berserk cooldown, slowed, very slow
A: large, unfitting armour, tough skin 1
a: Berserk, Trog's Hand, Brothers in Arms, Renounce Religion


You were in the Dungeon.
You worshipped Trog.
Trog was extremely pleased with you.
You were near starving.

You visited 1 branch

Inventory:

Hand Weapons
 n - a +0 giant spiked club (weapon)
Armour
 b - a +0 animal skin (worn)
Jewellery
 p - a +3 ring of dexterity (left hand)
 q - a +2 ring of protection (right hand)
Wands
 m - a wand of iceblast (10)
Scrolls
 i - 2 scrolls of blinking
 l - 4 scrolls of remove curse
 s - 4 scrolls of enchant armour
 t - 2 scrolls of enchant weapon
 u - 2 scrolls of fear
Potions
 c - 5 potions of heal wounds
 d - 7 potions of curing
 f - 3 potions of haste
 g - 4 potions of magic
 h - 2 potions of berserk rage
 k - a potion of invisibility
Comestibles
 e - a ration {!d}
 j - 8 chunks of flesh


   Skills:
 + Level 13.4 Fighting
 * Level 16.4 Maces & Flails
 + Level 9.8 Dodging


You had 8 spell levels left.
You didn't know any spells.
Your spell library was empty.

Dungeon Overview and Level Annotations

Branches:
Dungeon (1/1)

Altars:
Cheibriados
Dithmenos
Elyvilon
Fedhas
Gozag
Hepliaklqana
Kikubaaqudgha
Lugonu
Makhleb
Nemelex Xobeh
Okawaru
Qazlal
Ru
Sif Muna
Trog
Uskayaw
Vehumet
Wu Jian
Xom
Yredelemnul
Zin
The Shining One
Beogh
Jiyva


Innate Abilities, Weirdness & Mutations

You are too large for most types of armour.
You have tough skin. (AC +1)


Message History

* * * LOW HITPOINT WARNING * * *
The hippogriff pecks you but does no damage.
The hippogriff claws you.
* * * LOW HITPOINT WARNING * * *
The hippogriff bites you.
* * * LOW HITPOINT WARNING * * *
The hippogriff pecks you.
* * * LOW HITPOINT WARNING * * *
The hippogriff claws you.
* * * LOW HITPOINT WARNING * * *
You barely miss the hippogriff. The hippogriff bites you!
* * * LOW HITPOINT WARNING * * *
The hippogriff closely misses you. The hippogriff claws you.
* * * LOW HITPOINT WARNING * * *
You stick the hippogriff like a pincushion!!!
The hippogriff is almost dead.
The hippogriff closely misses you. The hippogriff completely misses you.
The hippogriff claws you but does no damage.
The hippogriff bites you!
You die...

▓.▓_▓
▓.▓.▓_▓
▓.▓.▓_▓
▓.▓.▓_▓
▓.▓.▓_▓
▓.▓.▓_▓
▓.▓.▓_▓
▓H▓.▓_▓
▓@▓.▓_▓
▓.▓.▓_▓
▓)▓.▓_▓
▓.▓.▓_▓
▓.▓.▓_▓
▓.▓.▓'▓
▓.▓.▓.▓
▓.▓.▓.▓
▓[▓.▓.▓


You could see a hippogriff.

Vanquished Creatures
  2 cane toads (D)
  A hippogriff (D)
  A yak (shapeshifter) (D)
  An acid dragon (D)
  2 water moccasins (D)
  A crocodile (D)
  A porcupine (D)
  4 ogres (D)
  A bullfrog (D)
  A scorpion (D)
  2 crimson imps (D)
  A hound (D)
  A worker ant (D)
  An ooze (D)
  2 orcs (D)
  A hobgoblin (D)
  A jackal (D)
  2 quokkas (D)
  A ball python skeleton (D)
  2 ball python zombies (D)
  A rat (D)
30 creatures vanquished.

Notes
Turn   | Place    | Note
-------+----------+-------------------------------------------
     0 | D        | Freyura the Ogre Berserker began the quest for the Orb.
     0 | D        | Reached XP level 1. HP: 24/24 MP: 1/1
     8 | D        | Reached skill level 4 in Maces & Flails
    10 | D        | Reached ** piety under Trog
    13 | D        | Reached skill level 5 in Maces & Flails
    13 | D        | Reached XP level 2. HP: 33/33 MP: 2/2
    61 | D        | Noticed a crimson imp
    64 | D        | Killed a crimson imp
    64 | D        | Reached skill level 5 in Fighting
    64 | D        | Reached skill level 6 in Maces & Flails
    64 | D        | Reached XP level 3. HP: 44/44 MP: 3/3
    66 | D        | Reached *** piety under Trog
    77 | D        | Reached skill level 7 in Maces & Flails
    77 | D        | Reached XP level 4. HP: 53/53 MP: 4/4
    98 | D        | Found a roughly hewn altar of Beogh.
    98 | D        | Found a snail-covered altar of Cheibriados.
    98 | D        | Found a shadowy altar of Dithmenos.
    98 | D        | Found a white marble altar of Elyvilon.
    98 | D        | Found a blossoming altar of Fedhas.
    98 | D        | Found an opulent altar of Gozag.
    99 | D        | Found a hazy altar of Hepliaklqana.
   100 | D        | Found a viscous altar of Jiyva.
   101 | D        | Found an ancient bone altar of Kikubaaqudgha.
   102 | D        | Found a corrupted altar of Lugonu.
   103 | D        | Found a burning altar of Makhleb.
   104 | D        | Found a sparkling altar of Nemelex Xobeh.
   105 | D        | Found an iron altar of Okawaru.
   106 | D        | Found a stormy altar of Qazlal.
   107 | D        | Found a sacrificial altar of Ru.
   108 | D        | Found a shimmering blue altar of Sif Muna.
   109 | D        | Found a bloodstained altar of Trog.
   110 | D        | Found a hide-covered altar of Uskayaw.
   111 | D        | Found a radiant altar of Vehumet.
   112 | D        | Found an ornate altar of the Wu Jian Council.
   113 | D        | Found a shimmering altar of Xom.
   114 | D        | Found a basalt altar of Yredelemnul.
   115 | D        | Found a glowing silver altar of Zin.
   116 | D        | Found a glowing golden altar of the Shining One.
   125 | D        | Found the +6 demon blade "Bloodbane" {slice, *Tele *Drain
                  | +Rage Str+6}
   133 | D        | Got the +4 quarterstaff of Biunumol {crush, -Tele rN++
                  | Str+2}
   147 | D        | Noticed an ogre
   147 | D        | Noticed an ogre
   147 | D        | Noticed an acid dragon
   154 | D        | Killed an acid dragon
   154 | D        | Reached skill level 10 in Maces & Flails
   154 | D        | Reached skill level 5 in Dodging
   154 | D        | Reached XP level 5. HP: 65/65 MP: 5/5
   159 | D        | Killed an ogre
   159 | D        | Reached **** piety under Trog
   159 | D        | Reached skill level 11 in Maces & Flails
   159 | D        | Reached XP level 6. HP: 75/75 MP: 6/6
   165 | D        | Reached skill level 10 in Fighting
   165 | D        | Reached skill level 12 in Maces & Flails
   178 | D        | Reached ***** piety under Trog
   178 | D        | Received a gift from Trog
   213 | D        | Noticed a harpy
   215 | D        | Reached XP level 7. HP: 87/87 MP: 7/7
   220 | D        | Noticed a yak
   220 | D        | a harpy changed into a yak
   222 | D        | Killed a yak
   222 | D        | Reached skill level 13 in Maces & Flails
   366 | D        | Got the cursed +0 short sword of Ybegug {freeze, *Slow
                  | rElec rF+ rC+}
   368 | D        | Got the +5 dagger of Cocytus {drain, MR+++ Dex+3}
   387 | D        | Noticed a cane toad
   387 | D        | Noticed a cane toad
   390 | D        | Reached skill level 14 in Maces & Flails
   390 | D        | Reached XP level 8. HP: 98/98 MP: 8/8
   395 | D        | Noticed a hippogriff
   397 | D        | Killed a cane toad
   397 | D        | Received a gift from Trog
   397 | D        | Reached skill level 15 in Maces & Flails
   397 | D        | Noticed a hippogriff
   403 | D        | Killed a cane toad
   403 | D        | Reached skill level 16 in Maces & Flails
   403 | D        | Reached XP level 9. HP: 110/110 MP: 9/9
   412 | D        | HP: 1/110 [hippogriff (5)]
   413 | D        | Mangled by a hippogriff

Skill      XL: |  1  2  3  4  5  6  7  8 |
---------------+-------------------------+-----
Maces & Flails | 5 6 7 10 11 12 14 16 | 16.4
Dodging        | 3 4 5 6 7 8 9 |  9.8
Fighting       | 5 6 8 9 10 11 13 | 13.4

Action                   |  1- 3 |  4- 6 |  7- 9 || total
-------------------------+-------+-------+-------++-------
Melee: Mace              |    23 |    22 |       ||    45
       Giant spiked club |       |     6 |    37 ||    43
Invok: Berserk           |     2 |     2 |     1 ||     5
       Trog's Hand       |     1 |     2 |     1 ||     4
  Eat: Chunk             |       |     2 |     1 ||     3
Armor: Animal skin       |     1 |     3 |     8 ||    12
Dodge: Dodged            |    11 |    15 |    23 ||    49
